 Dungeon Crawl Stone Soup version 0.26-a0-662-g8b9c6dab81 (webtiles) character file.

Game seed: 1081475289005167658

266 grandjackal the Slasher (level 6, 0/47 HPs)
             Began as a Demonspawn Gladiator on Oct 9, 2020.
             Slain by Crazy Yiuf
             ... wielding a +3 quarterstaff of chaos
              (14 damage)
             ... on level 3 of the Dungeon.
             The game lasted 00:02:51 (1898 turns).

grandjackal the Slasher (Demonspawn Gladiator)      Turns: 1898, Time: 00:02:52

Health: 0/47       AC:  6    Str: 16    XL:     6   Next: 0%
Magic:  6/6        EV: 14    Int: 10    God:
Gold:   129        SH:  0    Dex: 16    Spells: 5/5 levels left

rFire    . . .     SeeInvis .   a - +0 long sword
rCold    . . .     Faith    .   (no shield)
rNeg     . . .     Spirit   .   l - +0 leather armour (curse)
rPois    .         Reflect  .   c - +0 helmet
rElec    .         Harm     .   n - +0 cloak
rCorr    .         Rampage  .   b - +0 pair of gloves
MR       .....                  (no boots)
Stlth    +++.......             (no amulet)
HPRegen  0.15/turn              (no ring)
MPRegen  0.10/turn              (no ring)

@: lethally poisoned (0 -> -15)
A: thin skeletal structure 1, demonic guardian 1, powered by death 1
a: no special abilities


You were on level 3 of the Dungeon.
You visited 1 branch of the dungeon, and saw 3 of its levels.

You collected 129 gold pieces.

Inventory:

Hand Weapons
 a - a +0 long sword (weapon)
Missiles
 d - 3 throwing nets (quivered)
 j - 6 curare-tipped darts
Armour
 b - a +0 pair of gloves (worn)
 c - a +0 helmet (worn)
 l - a cursed +0 leather armour (worn)
 n - a +0 cloak (worn)
Jewellery
 s - an uncursed ring of protection from fire {unknown}
 t - a +4 ring of evasion {unknown}
 y - a cursed amulet of inaccuracy {unknown}
 z - an uncursed ring of flight {unknown}
Wands
 q - a wand of acid (6)
 v - a wand of flame (16)
Scrolls
 e - 5 scrolls of immolation {unknown}
 f - 2 scrolls of teleportation {unknown}
 i - a scroll of remove curse {unknown}
 k - 2 scrolls of magic mapping {unknown}
 r - 2 scrolls of enchant weapon {unknown}
 u - a scroll of noise {unknown}
 w - 4 scrolls of identify {unknown}
 x - a scroll of fear {unknown}
 B - a scroll of fog {unknown}
 C - a scroll of amnesia {unknown}
Potions
 g - 3 potions of heal wounds {unknown}
 h - 2 potions of degeneration {unknown}
 m - a potion of might {unknown}
 o - a potion of invisibility {unknown}
 p - a potion of haste {unknown}
 A - a potion of stabbing {unknown}


   Skills:
 + Level 3.6 Fighting
 + Level 3.9 Long Blades
 - Level 1.7 Throwing
 + Level 3.8 Dodging
 + Level 2.4 Stealth


You had 5 spell levels left.
You didn't know any spells.
Your spell library was empty.

Dungeon Overview and Level Annotations

Branches:
Dungeon (3/15)

Altars:

Annotations:
D:3 Crazy Yiuf


Innate Abilities, Weirdness & Mutations

You have a somewhat thin skeletal structure. (Dex +2, Stealth)
A weak demonic guardian rushes to your aid.
You regenerate a little health from kills.


Message History

Crazy Yiuf is moderately wounded.
Crazy Yiuf hits you but does no damage.
You suddenly lose the ability to move!
Crazy Yiuf hits you with a +3 quarterstaff of chaos.
Crazy Yiuf hits you with a +3 quarterstaff of chaos!
Crazy Yiuf burns you. Crazy Yiuf barely misses you.
You can move again.
Unknown command.
Unknown command.
You slash Crazy Yiuf!
Crazy Yiuf is severely wounded.
Crazy Yiuf hits you with a +3 quarterstaff of chaos!
You are poisoned.
You closely miss Crazy Yiuf.
Crazy Yiuf is severely wounded.
You feel sick.
Crazy Yiuf hits you with a +3 quarterstaff of chaos.
* * * LOW HITPOINT WARNING * * *
You are electrocuted!
You die...

#..#..##.#.#
##....#
##.....>...#
#....#
..........[#
♣....♣
...........#
♣♣...♣
...........#
♣♣.♣♣
...........#
♣♣.♣
...........#
♣.♣♣
...........#
♣♣5♣
.......#####
♣@♣♣
†.....## #g#
......## ...
.......#
#...#
.......#
#)..#
.......#
#####
.......#
.......#
......##


You could see Crazy Yiuf and a friendly iron imp (summoned).

Vanquished Creatures
  3 orc priests (D:3)
  An orc wizard (D:3)
  Robin (D:3)
  3 adders
  An ooze (D:1)
  4 dart slugs
  A leopard gecko (D:3)
  14 orcs (D:3)
  5 bats
  5 giant cockroaches
  17 goblins
  12 hobgoblins
  3 jackals (D:3)
  2 quokkas
  5 frilled lizards
  6 kobolds
  2 rats
85 creatures vanquished.

Notes
Turn   | Place    | Note
-------+----------+-------------------------------------------
     0 | D:1      | grandjackal the Demonspawn Gladiator began the quest for
                  | the Orb.
     0 | D:1      | Reached XP level 1. HP: 16/16 MP: 1/1
    81 | D:1      | Gained mutation: You have a somewhat thin skeletal
                  | structure. (Dex +2, Stealth) [demonic ancestry]
    81 | D:1      | Reached XP level 2. HP: 19/22 MP: 2/2
   415 | D:1      | Gained mutation: You regenerate a little health from kills.
                  | [demonic ancestry]
   415 | D:1      | Reached XP level 3. HP: 25/28 MP: 3/3
   921 | D:2      | Reached skill level 1 in Stealth
   942 | D:2      | Found a faded altar of an unknown god.
  1321 | D:3      | Reached XP level 4. HP: 20/34 MP: 4/4
  1327 | D:3      | Reached XP level 5. HP: 14/41 MP: 5/5
  1547 | D:3      | Noticed Robin
  1577 | D:3      | Killed Robin
  1817 | D:3      | Found a runed translucent door.
  1818 | D:3      | Noticed Crazy Yiuf
  1840 | D:3      | Gained mutation: A weak demonic guardian rushes to your
                  | aid. [demonic ancestry]
  1840 | D:3      | Reached XP level 6. HP: 43/47 MP: 6/6
  1893 | D:3      | Paralysed by Crazy Yiuf for 4 turns
  1898 | D:3      | Slain by Crazy Yiuf

Illustrated notes

Levels and vault maps discovered:
D:1:      nicolae_arrival_memento_mori, layout_basic, serial_park_tiny_1,
          minmay_tromino_i2
D:2:      layout_basic, chequers_ecumenical_altar_twisty
D:3:      layout_rooms, uniq_robin, uniq_crazy_yiuf_cottage

Skill      XL: |  1  2  3  4  5 |
---------------+----------------+-----
Long Blades    | 3 |  3.9
Dodging        | 3 |  3.8
Stealth        | 1 2 |  2.4
Fighting       | 3 |  3.6
Throwing       | |  1.7

Action                   |  1- 3 |  4- 6 || total
-------------------------+-------+-------++-------
Melee: Long sword        |   107 |    90 ||   197
Evoke: Wand              |       |     2 ||     2
 Stab: Sleeping          |    10 |     2 ||    12
Armor: Leather armour    |    39 |    25 ||    64
Dodge: Dodged            |    53 |    78 ||   131
       Rpst.: Long sword |    13 |    25 ||    38

Table legend: (Time is in decaauts)
 A = Elapsed time spent in this place.
 B = Non-inter-level travel time spent in this place.
 C = Inter-level travel time spent in this place.
 D = Time resting spent in this place.
 E = Time spent auto-exploring this place.
 F = Levels seen in this place.
 G = Mean time per level.
                   A        B        C        D        E       F      G
               +--------+--------+--------+--------+--------+-----+--------+
         Total |   1942 |   1887 |     55 |    167 |   1151 |   3 |  647.3 |
       Dungeon |   1942 |   1887 |     55 |    167 |   1151 |   3 |  647.3 |
               +--------+--------+--------+--------+--------+-----+--------+

Top non-repeatable levels by time:
     D:2: 660 daAuts
     D:1: 653 daAuts
     D:3: 627 daAuts
